 Dungeon Crawl Stone Soup version 0.21.1 (webtiles) character file.

209705 letownia2 the Brawler (level 19, 0/153 HPs)
             Began as a Formicid Artificer on Feb 2, 2018.
             Was an Initiate of Gozag.
             Slain by a death knight
             ... wielding a +0 broad axe
              (6 damage)
             ... on level 15 of the Dungeon.
             The game lasted 02:03:52 (40964 turns).

letownia2 the Brawler (Formicid Artificer)         Turns: 40964, Time: 02:03:53

Health: 0/153      AC: 31    Str: 22    XL:     19   Next: 54%
Magic:  29/34      EV: 11    Int: 22    God:    Gozag
Gold:   3347       SH:  8    Dex: 19    Spells: 8/40 levels left

rFire    + + +     SeeInvis +     - Unarmed
rCold    + . .     Gourm    .   J - +2 buckler "Yzejegin" {*Slow +Inv rN+ Dex+8}
rNeg     + . .     Faith    .   C - +9 plate armour "Ymemao" {rF+}
rPois    +         Spirit   .   (helmet unavailable)
rElec    .         Reflect  .   q - scarf {rC+ rF+}
rCorr    .         Harm     .   L - +2 pair of gloves
MR       ++...                  u - +2 pair of boots
Stlth    ..........             Y - amulet "Cukki" {+Rage rPois Str+3}
HPRegen  0.35/turn              e - ring "Udogaov" {rF+ Int+5 Stlth+}
MPRegen  0.24/turn              p - ring of protection from magic

@: barbed spikes, very slightly contaminated
A: permanent stasis, dig shafts and tunnels, four strong arms, antennae 3
}: 1/15 runes: gossamer
a: Dig, Shaft Self, Potion Petition, Call Merchant, Bribe Branch, Renounce
Religion, Evoke Invisibility


You were on level 15 of the Dungeon.
You worshipped Gozag.
Gozag was most pleased with you.
You were not hungry.

You visited 6 branches of the dungeon, and saw 30 of its levels.
You visited 1 bazaar.
You also visited: Labyrinth, Sewer, Bailey, Ice Cave and Volcano.

You collected 13422 gold pieces.
You spent 228 gold pieces at shops.
You paid 9847 gold pieces to Gozag.

Inventory:

Hand Weapons
 a - the +8 morningstar "Zammaczu" {antimagic, *Rage rC+ Dex+9}
   (You found it on level 6 of the Lair of Beasts)

   It reduces the magical energy of the wielder, and disrupts the spells and
   magical abilities of those hit.
   Natural abilities and divine invocations are not affected.
   It affects your dexterity (+9).
   It protects you from cold.
   It may make you go berserk in combat.
 c - a +1 blowgun
Missiles
 g - 2 steel javelins (quivered)
 w - 13 curare-tipped needles
 O - 91 bolts
 S - a throwing net
Armour
 k - a +7 crystal plate armour
 q - a scarf of resistance (worn)
 u - a +2 pair of boots (worn)
 C - the +9 plate armour "Ymemao" (worn) {rF+}
   (You acquired it on level 3 of the Spider Nest)

   It protects you from fire.
 J - the +2 buckler "Yzejegin" (worn) {*Slow +Inv rN+ Dex+8}
   (You found it on level 6 of the Dungeon)

   It affects your dexterity (+8).
   It protects you from negative energy.
   It lets you turn invisible.
   It may slow you when you take damage.
 L - a +2 pair of gloves (worn)
Jewellery
 e - the ring "Udogaov" (left hand) {rF+ Int+5 Stlth+}
   (You bought it in a shop on level 3 of the Lair of Beasts)

   [ring of stealth]

   It affects your intelligence (+5).
   It protects you from fire.
   It makes you more stealthy.
 o - an uncursed ring of ice
 p - a ring of protection from magic (right hand)
 I - an uncursed ring of poison resistance
 U - an uncursed amulet of regeneration
 Y - the amulet "Cukki" (around neck) {+Rage rPois Str+3}
   (You found it in an ice cave)

   [amulet of rage]

   It affects your strength (+3).
   It protects you from poison.
   It lets you go berserk.
 Z - an uncursed ring of wizardry
Wands
 y - a wand of acid (17)
 D - a wand of digging (12)
 F - a wand of paralysis (25)
 G - a wand of clouds (3)
 H - a wand of polymorph (23)
 K - a wand of iceblast (8)
 P - a wand of flame (111)
 R - a wand of disintegration (47)
Scrolls
 d - 4 scrolls of fear
 i - 12 scrolls of identify
 s - 4 scrolls of magic mapping
 M - 3 scrolls of fog
 N - 6 scrolls of immolation
 Q - a scroll of holy word
 V - 4 scrolls of remove curse
 W - 2 scrolls of silence
Potions
 b - a potion of invisibility
 h - 4 potions of curing
 l - a potion of magic
 m - 3 potions of brilliance
 n - 2 potions of mutation
 r - 3 potions of agility
 v - a potion of cancellation
 x - 3 potions of might
 z - 5 potions of heal wounds
 A - 5 potions of lignification
 B - 3 potions of resistance
 E - 4 potions of ambrosia
 T - 3 potions of flight
Miscellaneous
 j - a phial of floods
 t - a lamp of fire
 X - a box of beasts
Comestibles
 f - 15 rations


   Skills:
 - Level 14.7 Fighting
   Level 1.0 Short Blades
 + Level 12.8 Armour
 - Level 6.8 Dodging
 - Level 1.2 Stealth
 - Level 5.8 Shields
 + Level 19.3 Unarmed Combat
 + Level 11.3 Spellcasting
 - Level 3.4 Conjurations
 - Level 5.7 Hexes
 - Level 3.6 Fire Magic
 + Level 9.8 Air Magic
 - Level 3.9 Poison Magic
 - Level 3.2 Evocations


You had 8 spell levels left.
You knew the following spells:

 Your Spells              Type           Power        Failure   Level  Hunger
a - Beastly Appendage     Tmut           ##....       50%         1    None
b - Flame Tongue          Conj/Fire      ####.        14%         1    None
c - Conjure Flame         Conj/Fire      ####....     38%         3    None
d - Confusing Touch       Hex            #####.       5%          1    None
e - Mephitic Cloud        Conj/Pois/Air  #####...     16%         3    None
f - Swiftness             Chrm/Air       ####....     12%         2    None
i - Silence               Hex/Air        #####.....   54%         5    ####...
j - Portal Projectile     Hex/Tloc       ####..       45%         3    None
n - Ignite Poison         Fire/Tmut/Pois ###.....     52%         3    None
r - Deflect Missiles      Chrm/Air       ####......   100%        6    #####..
x - Inner Flame           Hex/Fire       ####....     26%         3    None
z - Summon Butterflies    Summ           ##......     50%         1    None


Dungeon Overview and Level Annotations

Branches:
Dungeon (15/15)            Temple (1/1) D:7            Lair (6/6) D:11
 Shoals (0/4) Lair:2       Spider (4/4) Lair:3        Slime (0/5) Lair:6
    Orc (2/2) D:12            Elf (2/3) Orc:2        Vaults (0/5) D:14
 Depths: D:15

Altars:
Ashenzari
Cheibriados
Dithmenos
Fedhas
Gozag
Hepliaklqana
Makhleb
Nemelex Xobeh
Okawaru
Qazlal
Ru
Sif Muna
Trog
Uskayaw
Wu Jian
Yredelemnul
The Shining One
Beogh

Shops:
D:5 (   D:10 *   D:11 [   D:12 *}**   D:13 :   Orc:1 %   Orc:2 %=*[   Elf:1 ([[
Lair:2 [[=[=[   Lair:3 *

Annotations:
D:8 Gastronok
D:9 2 transporters, Prince Ribbit
D:14 Rupert
Elf:2 3 runed doors


Innate Abilities, Weirdness & Mutations

You cannot be hasted, slowed, berserked, paralysed or teleported.
You can dig through walls and to a lower floor.
Your four strong arms can wield two-handed weapons with a shield.
You have a pair of large antennae on your head. (SInv)


Message History

The tengu conjurer barely misses the manticore.
The tengu conjurer pecks the manticore but does no damage.
The tengu conjurer claws the manticore.
Unknown command.
The barbed spikes dig painfully into your body as you move.
* * * LOW HITPOINT WARNING * * *
There is a stone staircase leading up here.
Unknown command.
Unknown command.
Casting: Mephitic Cloud
Confirm with . or Enter, or press ? or * to list all spells.
Aiming: Mephitic Cloud
Press: ? - help, Shift-Dir - straight line, f/p - tengu conjurer
Aim: a tengu conjurer (lightly wounded, confused)
You miscast Mephitic Cloud.
You are very lightly contaminated with residual magic.
You feel mildly nauseous.
The tengu conjurer seems less confused.
The death knight hits you with a broad axe.
You die...
Your body crumbles into a pile of gold.

#### #####
##...####...###+##
.................#
.................#
.................#
....................
...........#)......#..
.........§@#.......#.......
.....###...p...............
....###.#g#C......#.......
#..goo#.*Q..............
#......oHW.C......C.....
#...W#####W.W........... $
#.....{{{#{o....#§......
#......{.{......#<#
#.........{.$...(.#


You could see a death knight, an orc knight, a manticore, 2 cyclopes, 2 freezing
wraiths, a wraith, a tengu conjurer, 2 boggarts, a battlesphere and 3 orcs.

Vanquished Creatures
  Donald (Spider:3)
  4 ghost moths
  4 orc warlords
  A deep elf elementalist (Elf:2)
  8 emperor scorpions
  A stone giant (Orc:1)
  5 entropy weavers
  Nessos (D:12)
  A deep elf annihilator (Elf:1)
  Azrael (Spider:1)
  A deep elf demonologist (Elf:1)
  A minotaur (Lab)
  An ettin (Orc:1)
  2 fire dragons
  Fannar (Orc:1)
  Harold (Orc:1)
  2 ice dragons (IceCv)
  7 hydras
  8 two-headed ogres
  2 centaur warriors (D:13)
  A death knight (D:12)
  An alligator (Lair:6)
  Urug (D:14)
  9 death yaks
  7 orc high priests
  Sonja (Lair:1)
  Nergalle (D:11)
  8 deep elf knights
  14 skeletal warriors
  An unseen horror (D:14)
  A sea snake (shapeshifter) (Elf:2)
  3 deep elf archers
  A lindwurm (Lair:5)
  29 deep elf magi
  An orb spider (shapeshifter) (Elf:2)
  4 orc knights
  22 orb spiders
  A cyclops (shapeshifter) (Elf:1)
  23 wolf spiders
  The ghost of Gobbopathe the Prestidigitator, a novice SpAr (D:7)
  5 orc sorcerers
  3 elephants (Lair:5)
  A manticore (D:15)
  A moth of wrath (Spider:3)
  4 cyclopes
  11 ugly things
  2 ice statues (IceCv)
  4 black mambas
  A molten gargoyle (Volcano)
  2 gargoyles
  A torpor snail (Spider:1)
  Psyche (D:9)
  12 spiny frogs
  8 rime drakes
  2 kobold demonologists (D:14)
  7 komodo dragons
  A redback zombie (D:14)
  3 freezing wraiths (D:12)
  2 efreet (Volcano)
  A yaktaur (shapeshifter) (D:13)
  10 demonic crawlers
  8 trolls
  32 jumping spiders
  9 polar bears (Lair:6)
  A queen bee (shapeshifter) (D:14)
  A wind drake (shapeshifter) (Elf:2)
  4 hornets
  16 hippogriffs
  6 raiju (Lair:6)
  6 dream sheep (Lair:6)
  16 blink frogs
  11 slime creatures
  2 air elementals (Elf:2)
  100 redbacks
  A hog (D:12)
  27 tarantellas
  53 yaks
  A water elemental (Elf:1)
  4 wyverns
  2 wraiths
  11 fire elementals
  A golden eye (shapeshifter) (Elf:2)
  A human (D:12)
  A steam dragon (D:12)
  Grum (D:8)
  4 vampire mosquitoes (D:15)
  A hungry ghost (D:11)
  8 basilisks
  14 water moccasins
  9 wargs
  15 hell hounds
  6 porcupines
  A swamp drake (Spider:2)
  2 phantoms
  54 orc warriors
  18 ice beasts
  12 black bears
  A sky beast (D:8)
  17 ogres
  25 wolves
  2 eyes of draining
  11 boggarts
  6 centaurs
  12 crocodiles
  4 big kobolds
  11 bullfrogs
  3 earth elementals
  6 scorpions
  A wyvern skeleton (D:10)
  8 wights
  7 howler monkeys
  6 crimson imps
  A bullfrog zombie (D:13)
  4 centaur zombies
  5 centaur skeletons
  28 orc priests
  13 hounds
  18 jellies
  A quasit (D:5)
  22 orc wizards
  3 bullfrog skeletons
  5 iguanas
  10 worker ants
  A killer bee zombie (D:7)
  A hound zombie (D:9)
  2 hound skeletons (D:4)
  A worker ant zombie (D:9)
  A howler monkey skeleton (D:4)
  A howler monkey zombie (D:9)
  3 gnolls
  20 adders
  2 shadow imps (D:14)
  3 oozes
  2 adder skeletons (D:5)
  4 worms
  A dart slug (D:4)
  5 leopard geckos
  149 orcs
  4 giant cockroaches
  11 goblins
  11 hobgoblins
  11 jackals
  43 kobolds
  A quokka (D:10)
  5 ball pythons
  A ball python zombie (D:6)
  13 bats
  12 frilled lizards
  A leopard gecko zombie (D:5)
  A quokka skeleton (D:4)
  8 rats
  A fire vortex (Volcano)
  A fungus (Lair:6)
  7 plants
1281 creatures vanquished.

Vanquished Creatures (collateral kills)
  A wolf spider (Spider:4)
  2 redbacks
3 creatures vanquished.

Vanquished Creatures (others)
  8 dancing weapons
  An orb spider (Spider:4)
  A wolf spider (Spider:3)
  2 orc wizards
  An adder (D:12)
  2 bushes
  18 fungi
  17 plants
  9 toadstools (D:15)
59 creatures vanquished.

Grand Total: 1343 creatures vanquished

Notes
Turn   | Place    | Note
-------+----------+-------------------------------------------
     0 | D:1      | letownia2 the Formicid Artificer began the quest for the Orb.
     0 | D:1      | Reached XP level 1. HP: 15/15 MP: 3/3
     2 | D:1      | Noticed an elf
     4 | D:1      | Noticed a human
     6 | D:1      | Noticed a demigod
     6 | D:1      | Noticed a tengu
     8 | D:1      | Noticed a dwarf
     8 | D:1      | Noticed a vine stalker
    10 | D:1      | Noticed a gargoyle
    10 | D:1      | Noticed a minotaur
    12 | D:1      | Noticed a vampire
    14 | D:1      | Noticed a naga
    14 | D:1      | Noticed an octopode
    16 | D:1      | Noticed a draconian
    16 | D:1      | Noticed a ghoul
    18 | D:1      | Noticed a formicid
    18 | D:1      | Noticed a troll
    20 | D:1      | Noticed a centaur
    20 | D:1      | Noticed a halfling
    22 | D:1      | Noticed a merfolk
    22 | D:1      | Noticed a felid
    24 | D:1      | Noticed an ogre
    26 | D:1      | Noticed a spriggan
    26 | D:1      | Noticed a demonspawn
   133 | D:2      | Found a shadowy altar of Dithmenos.
   164 | D:2      | Reached XP level 2. HP: 11/23 MP: 4/4
   550 | D:2      | Reached XP level 3. HP: 25/29 MP: 5/5
   955 | D:3      | Found an ornate altar of the Wu Jian Council.
   993 | D:3      | Reached skill level 1 in Armour
  1011 | D:4      | Reached XP level 4. HP: 15/37 MP: 4/6
  1207 | D:4      | Reached XP level 5. HP: 24/43 MP: 5/7
  1307 | D:4      | Reached skill level 5 in Fighting
  1358 | D:4      | Reached XP level 6. HP: 37/52 MP: 6/8
  1387 | D:4      | Found a glowing drain.
  1391 | Sewer    | Entered a sewer
  2077 | D:4      | Reached XP level 7. HP: 60/60 MP: 9/9
  2236 | D:4      | Found a deep blue altar of Sif Muna.
  2414 | D:5      | Entered Level 5 of the Dungeon
  2507 | D:5      | Found Tadgh's Weapon Emporium.
  2895 | D:5      | Found a snail-covered altar of Cheibriados.
  2895 | D:5      | Found a blossoming altar of Fedhas.
  2900 | D:5      | Found a faded altar of an unknown god.
  2912 | D:5      | Found a sacrificial altar of Ru.
  2913 | D:5      | Found a faded altar of an unknown god.
  3312 | D:5      | Reached XP level 8. HP: 61/68 MP: 10/10
  3334 | D:5      | Found a hide-covered altar of Uskayaw.
  3441 | D:6      | Found a basalt altar of Yredelemnul.
  3760 | D:6      | Found a shattered altar of Ashenzari.
  3776 | D:7      | Noticed a hippogriff
  3919 | D:7      | Found a sparkling altar of Nemelex Xobeh.
  3989 | D:7      | Noticed a hippogriff
  4003 | D:7      | Killed a hippogriff
  4003 | D:7      | Reached skill level 10 in Fighting
  4074 | D:7      | Noticed Gobbopathe's ghost (novice SpAr)
  4608 | D:7      | Killed a hippogriff
  4608 | D:7      | Reached XP level 9. HP: 77/79 MP: 9/11
  4653 | D:7      | Found a staircase to the Ecumenical Temple.
  4663 | Temple   | Entered the Ecumenical Temple
  4696 | Temple   | Became a worshipper of Gozag Ym Sagoz the Greedy
  5134 | D:6      | Got a polished buckler
  5140 | D:6      | Identified the +2 buckler "Yzejegin" {*Slow +Inv rN+ Dex+8} (You found it on level 6 of the Dungeon)
  5208 | D:3      | Found a blossoming altar of Fedhas.
  5347 | D:3      | Reached skill level 1 in Shields
  7275 | D:7      | Killed Gobbopathe's ghost
  7275 | D:7      | Reached skill level 5 in Shields
  7391 | D:8      | Reached XP level 10. HP: 89/89 MP: 12/12
  7434 | D:8      | Noticed Gastronok
  7485 | D:8      | Found a burning altar of Makhleb.
  7851 | D:8      | Noticed Grum
  7876 | D:8      | Killed Grum
  7983 | D:8      | Found a glowing golden altar of the Shining One.
  8083 | D:8      | Learned a level 3 spell: Conjure Flame
  8087 | D:8      | Learned a level 3 spell: Mephitic Cloud
  8224 | D:9      | Noticed a guardian serpent
  8236 | D:9      | a guardian serpent changed into a shapeshifter
  8252 | D:9      | Noticed a fire crab
  8371 | D:9      | Reached skill level 1 in Poison Magic
  8376 | D:9      | Reached skill level 1 in Spellcasting
  8376 | D:9      | Reached skill level 1 in Fire Magic
  8379 | D:9      | Reached skill level 1 in Conjurations
  8383 | D:9      | Reached skill level 1 in Air Magic
  8753 | D:9      | Noticed Prince Ribbit
  8941 | D:9      | Learned a level 1 spell: Beastly Appendage
  8967 | D:9      | Noticed an elephant
  8970 | D:9      | Found a transporter.
  8975 | D:9      | Noticed a six-headed hydra
  8986 | D:9      | Noticed a mana viper
  8986 | D:9      | an elephant changed into a mana viper
  8988 | D:9      | Noticed a komodo dragon
  8988 | D:9      | a mana viper changed into a komodo dragon
  9010 | D:9      | Found a transporter.
  9096 | D:9      | Noticed a two-headed ogre
  9116 | D:9      | Noticed a two-headed ogre
  9136 | D:9      | Killed a two-headed ogre
  9136 | D:9      | Reached skill level 5 in Armour
  9136 | D:9      | Reached XP level 11. HP: 82/97 MP: 12/14
  9136 | D:9      | Killed a two-headed ogre
  9205 | D:9      | Noticed Psyche
  9210 | D:9      | Killed Psyche
  9272 | D:9      | Found an iron altar of Okawaru.
  9375 | D:9      | Noticed a cyclops
  9438 | D:10     | Entered Level 10 of the Dungeon
  9490 | D:10     | Found a flagged portal.
  9529 | D:10     | Bought a potion of agility for 48 gold pieces
  9643 | Bailey   | Entered a bailey
  9652 | Bailey   | Noticed an orc warlord
  9867 | Bailey   | Found a runed gate.
  9869 | Bailey   | Found a runed gate.
  9871 | Bailey   | Found a runed gate.
 10088 | Bailey   | Killed an orc warlord
 10349 | D:10     | Reached skill level 5 in Spellcasting
 10810 | D:11     | Found a frozen archway.
 11002 | IceCv    | Entered an ice cave
 11126 | IceCv    | Reached XP level 12. HP: 90/105 MP: 16/21
 11718 | IceCv    | Noticed an ice dragon
 11719 | IceCv    | Noticed an ice dragon
 11725 | IceCv    | Killed an ice dragon
 11729 | IceCv    | Killed an ice dragon
 11833 | IceCv    | Got a smoking ruby amulet
 11852 | IceCv    | Identified the amulet "Cukki" {+Rage rPois Str+3} (You found it in an ice cave)
 12333 | D:11     | Noticed Nergalle
 12363 | D:11     | Killed Nergalle
 12818 | D:11     | Found a staircase to the Lair.
 13055 | Lair:1   | Entered Level 1 of the Lair of Beasts
 13203 | Lair:1   | Noticed a seven-headed hydra
 13223 | Lair:1   | Killed a nine-headed hydra
 13579 | Lair:1   | Reached XP level 13. HP: 98/113 MP: 26/26
 13919 | Lair:1   | Noticed Sonja
 13936 | Lair:1   | Killed Sonja
 14289 | Lair:2   | Found a staircase to the Shoals.
 14299 | Lair:2   | Reached skill level 10 in Spellcasting
 14511 | Lair:2   | Noticed a four-headed hydra
 14885 | Lair:2   | Killed a four-headed hydra
 14885 | Lair:2   | Reached skill level 1 in Unarmed Combat
 15131 | Lair:3   | Reached skill level 2 in Unarmed Combat
 15382 | Lair:3   | Reached skill level 3 in Unarmed Combat
 15754 | Lair:3   | Found a hole to the Spider Nest.
 15767 | Lair:3   | Reached skill level 4 in Unarmed Combat
 16264 | Lair:3   | Learned a level 1 spell: Flame Tongue
 16268 | Lair:3   | Learned a level 3 spell: Inner Flame
 16292 | Lair:3   | Bought a clouded bone ring for 180 gold pieces
 16293 | Lair:3   | Identified the ring "Udogaov" {rF+ Int+5 Stlth+} (You bought it in a shop on level 3 of the Lair of Beasts)
 16447 | Lair:4   | You fall through a shaft for 2 floors!
 16447 | Lair:6   | Entered Level 6 of the Lair of Beasts
 16457 | Lair:6   | Reached skill level 5 in Unarmed Combat
 16487 | Lair:6   | HP: 5/171 [blink frog (10)]
 16497 | Lair:6   | Reached skill level 6 in Unarmed Combat
 16539 | Lair:6   | Got a scorched scale mail
 16550 | Lair:6   | Identified the +0 scale mail "Banaun Puryi" {rC+ MR++} (You found it on level 6 of the Lair of Beasts)
 16840 | Lair:6   | Found a dark tunnel.
 16851 | Volcano  | Entered a volcano
 16873 | Volcano  | Reached skill level 7 in Unarmed Combat
 16948 | Volcano  | Reached XP level 14. HP: 84/121 MP: 29/29
 17801 | Lair:6   | Reached skill level 8 in Unarmed Combat
 18021 | Lair:6   | Found a staircase to the Slime Pits.
 18512 | Lair:6   | Learned a level 5 spell: Silence
 18519 | Lair:6   | Learned a level 6 spell: Deflect Missiles
 18598 | Lair:6   | Learned a level 1 spell: Confusing Touch
 18653 | Lair:6   | Got a steaming morningstar
 18707 | Lair:6   | Reached skill level 9 in Unarmed Combat
 18717 | Lair:6   | Reached skill level 1 in Hexes
 19843 | Lair:6   | Reached skill level 10 in Unarmed Combat
 20683 | Lair:5   | Reached skill level 11 in Unarmed Combat
 21011 | Lair:2   | Identified the +8 morningstar "Zammaczu" {antimagic, *Rage rC+ Dex+9} (You found it on level 6 of the Lair of Beasts)
 21015 | Lair:2   | Identified 2 scrolls of acquirement
 21017 | Lair:2   | Got a scorched plate armour
 21028 | Lair:2   | Identified the +7 plate armour "Jutuipo" {*Drain Dex+8} (You acquired it on level 2 of the Lair of Beasts)
 21177 | Lair:4   | Reached skill level 12 in Unarmed Combat
 21556 | Lair:4   | Reached XP level 15. HP: 117/127 MP: 19/30
 22142 | Lair:5   | Reached skill level 13 in Unarmed Combat
 23042 | D:12     | Found Boll's Assorted Antiques.
 23078 | D:12     | Found Nafeisyl's Gadget Shoppe.
 23083 | D:12     | Found a labyrinth entrance.
 23090 | Lab      | Entered a labyrinth
 23311 | Lab      | Identified the Tome of Unstable Aid
 23312 | Lab      | Got a pair of jewelled gloves
 23323 | Lab      | Identified the +5 pair of gloves "Tuiddoff" {*Corrode rN+ SInv} (You found it in a labyrinth)
 23338 | Lab      | Learned a level 2 spell: Swiftness
 23389 | D:12     | Reached skill level 14 in Unarmed Combat
 23474 | D:12     | Noticed Nessos
 23486 | D:12     | Killed Nessos
 23505 | D:12     | Found Omitosiff's Assorted Antiques.
 24149 | D:12     | Found a staircase to the Orcish Mines.
 24287 | D:12     | Found Innasena's Assorted Antiques.
 24696 | Orc:1    | Entered Level 1 of the Orcish Mines
 24993 | Orc:1    | Noticed an orc warlord
 25044 | Orc:1    | Killed an orc warlord
 25129 | Orc:1    | Noticed Fannar
 25136 | Orc:1    | Killed Fannar
 25214 | Orc:1    | Found Ukubom's Food Shop.
 25217 | Orc:1    | Noticed Harold
 25244 | Orc:1    | Killed Harold
 25312 | Orc:1    | Found a transporter.
 25437 | Orc:2    | Entered Level 2 of the Orcish Mines
 26098 | Orc:2    | Found a staircase to the Elven Halls.
 26305 | Orc:2    | Reached XP level 16. HP: 131/134 MP: 31/31
 26436 | Orc:2    | Reached skill level 5 in Dodging
 26634 | Orc:2    | Found Govoahy's Jewellery Emporium.
 26970 | Orc:2    | Found Piac's Food Shop.
 26989 | Orc:2    | Found a roughly hewn altar of Beogh.
 27112 | Orc:2    | Found a roughly hewn altar of Beogh.
 27311 | Orc:2    | Found Wiloin's General Store.
 27321 | Orc:2    | Found Feleoh's Antique Armour Shop.
 27609 | Orc:1    | Found a roughly hewn altar of Beogh.
 27658 | Orc:1    | Found a transporter.
 27706 | Orc:1    | You fall through a shaft!
 28017 | Orc:1    | Reached skill level 15 in Unarmed Combat
 28045 | Orc:1    | Reached skill level 5 in Air Magic
 28116 | Orc:1    | Learned a level 3 spell: Portal Projectile
 28130 | Orc:1    | Got a bloodstained hand axe
 28131 | Orc:1    | Identified the +7 hand axe of Articulation {venom, +Blink Dex+3} (You found it on level 1 of the Orcish Mines)
 28350 | Spider:1 | Entered Level 1 of the Spider Nest
 28370 | Spider:1 | Noticed Azrael
 28396 | Spider:1 | Killed Azrael
 29272 | Spider:1 | Reached skill level 16 in Unarmed Combat
 29446 | Spider:1 | HP: 6/134 [demonic crawler (3)]
 29449 | Spider:1 | HP: 2/134 [demonic crawler (5)]
 30184 | Spider:2 | Reached XP level 17. HP: 116/140 MP: 25/32
 31604 | Spider:3 | Noticed Donald
 31650 | Spider:3 | Killed Donald
 31793 | Spider:3 | Got a bloodstained plate armour
 31804 | Spider:3 | Identified the +9 plate armour "Ymemao" {rF+} (You acquired it on level 3 of the Spider Nest)
 31897 | Spider:3 | Reached skill level 17 in Unarmed Combat
 32106 | Spider:4 | Entered Level 4 of the Spider Nest
 33317 | Spider:4 | Reached skill level 18 in Unarmed Combat
 34404 | Spider:4 | Reached XP level 18. HP: 119/147 MP: 14/33
 34519 | Spider:4 | Learned a level 3 spell: Ignite Poison
 34908 | Spider:4 | Reached skill level 19 in Unarmed Combat
 35605 | Spider:4 | Got a gossamer rune of Zot
 36054 | Elf:1    | Entered Level 1 of the Elven Halls
 36501 | Elf:1    | Found Usohoug's Antique Armour Shoppe.
 36511 | Elf:1    | Reached skill level 5 in Hexes
 36530 | Elf:1    | Found Vosisk's Antique Armour Shop.
 36559 | Elf:1    | Found Upumul's Antique Weapon Shop.
 36609 | Elf:1    | Found a flickering gateway to a bazaar.
 36655 | Bazaar   | Entered a bazaar
 36674 | Bazaar   | Found Felom's Antique Armour Emporium.
 36685 | Bazaar   | Found Xauhadeb's General Store.
 36730 | Bazaar   | Found Ote Tuwn's Food Shoppe.
 36772 | Bazaar   | Found Ninihulatri's Gadget Shoppe.
 36813 | Bazaar   | Found Toul's Armour Shoppe.
 36891 | Elf:1    | Reached skill level 10 in Armour
 37246 | Elf:1    | Identified the Compendium of Slavery
 37690 | Elf:1    | Noticed a Tzitzimitl
 37700 | Elf:1    | Noticed a Hell Sentinel
 37916 | Elf:1    | Learned a level 1 spell: Summon Butterflies
 38307 | Elf:2    | Found a runed gate.
 38307 | Elf:2    | Found a runed gate.
 38312 | Elf:2    | Found a runed gate.
 38570 | D:13     | Reached XP level 19. HP: 139/152 MP: 31/34
 38756 | D:13     | Found Heulau's Book Boutique.
 39291 | D:13     | Found a roughly hewn altar of Beogh.
 39476 | D:14     | Noticed Urug
 39489 | D:14     | Killed Urug
 40314 | D:14     | Found a gate to the Vaults.
 40454 | D:15     | Entered Level 15 of the Dungeon
 40940 | D:14     | Noticed Rupert
 40952 | D:14     | You fall through a shaft!
 40960 | D:15     | HP: 7/152 [barbs]
 40964 | D:15     | Slain by a death knight

Skill      XL: |  1  2  3  4  5  6  7  8  9 10 11 12 13 14 15 16 17 18 19 |
---------------+----------------------------------------------------------+-----
Fighting       | 2 3 4 5 7 10 11 12 13 14 | 14.7
Armour         | 1 4 5 6 7 8 9 11 12 | 12.8
Shields        | 5 |  5.8
Dodging        | 3 4 6 |  6.8
Poison Magic   | 3 |  3.9
Spellcasting   | 2 6 9 11 | 11.3
Fire Magic     | 2 3 |  3.6
Conjurations   | 2 3 |  3.4
Air Magic      | 2 4 5 6 8 9 |  9.8
Unarmed Combat | 7 12 14 16 18 19 | 19.3
Hexes          | 4 5 |  5.7
Short Blades   | |  1.0
Stealth        | |  1.2
Evocations     | |  3.2

Action                   |  1- 3 |  4- 6 |  7- 9 | 10-12 | 13-15 | 16-18 | 19-21 || total
-------------------------+-------+-------+-------+-------+-------+-------+-------++-------
Melee: Short sword       |   111 |       |       |       |       |       |       ||   111
       Lajatang          |     2 |   244 |   522 |   627 |       |       |       ||  1395
       Flail             |       |       |       |    22 |       |       |       ||    22
       Staff             |       |       |       |     6 |       |       |       ||     6
       Battleaxe         |       |       |       |    34 |   506 |       |       ||   540
       Unarmed           |       |       |       |       |  1054 |  1725 |   520 ||  3299
Throw: Javelin           |       |     2 |     6 |     8 |       |       |       ||    16
       Tomahawk          |       |       |       |     3 |       |       |       ||     3
 Cast: Mephitic Cloud    |       |       |       |    11 |    55 |   107 |    12 ||   185
       Conjure Flame     |       |       |       |    14 |    29 |    20 |     5 ||    68
       Ignite Poison     |       |       |       |       |       |     1 |       ||     1
Invok: Call Merchant     |       |       |       |     2 |     4 |     3 |       ||     9
 Abil: Dig               |     3 |    14 |     7 |     5 |    14 |    12 |     1 ||    56
       Shaft Self        |       |       |       |       |       |     1 |     1 ||     2
Evoke: Wand              |     2 |     5 |     5 |    48 |    39 |    31 |       ||   130
       Phial of floods   |       |       |       |       |       |     1 |       ||     1
  Use: Scroll            |       |       |     4 |     8 |    13 |     7 |     3 ||    35
       Potion            |       |       |       |       |     7 |     4 |     1 ||    12
 Stab: Sleeping          |     1 |       |       |       |     1 |       |       ||     2
       Distracted        |       |       |     1 |     5 |    13 |    10 |     3 ||    32
       Paralysed         |       |       |       |     6 |       |       |       ||     6
       Confused          |       |       |       |     8 |    47 |   108 |    12 ||   175
       Invisible         |       |       |       |       |     9 |       |       ||     9
  Eat: Chunk             |     1 |     6 |    10 |       |       |       |       ||    17
       Ration            |       |       |     3 |     7 |    13 |    13 |     2 ||    38
Armor: Leather armour    |    12 |       |       |    18 |       |       |       ||    30
       Ring mail         |    32 |   147 |       |       |       |       |       ||   179
       Scale mail        |    16 |       |   366 |   268 |   338 |       |       ||   988
       Skin              |       |       |       |       |    42 |       |       ||    42
       Plate armour      |       |       |       |       |   313 |   760 |   180 ||  1253
Dodge: Dodged            |   132 |   161 |   368 |   427 |   654 |   574 |   139 ||  2455
Block: Buckler           |       |       |    64 |   367 |   628 |   546 |   150 ||  1755
